 Dungeon Crawl Stone Soup version 0.26.1-2-gb8aa6d0cf2 (webtiles) character file.

Game seed: 8215931212975984645

1073 H0rd4k the Ducker (level 8, -4/58 HPs)
             Began as a Human Artificer on Feb 8, 2021.
             Slain by a killer bee (7 damage)
             ... on level 7 of the Dungeon.
             The game lasted 00:12:52 (8040 turns).

H0rd4k the Ducker (Human Artificer)                 Turns: 8040, Time: 00:12:52

Health: -4/58      AC:  8    Str: 13    XL:     8   Next: 54%
Magic:  8/8        EV: 14    Int: 14    God:
Gold:   392        SH:  0    Dex: 13    Spells: 7/7 levels left

rFire    + . .     SeeInvis .   b - +0 great sword
rCold    + + +     Faith    .   (shield currently unavailable)
rNeg     . . .     Spirit   .   l - +1 robe {rC+ rF+}
rPois    +         Reflect  .   t - +1 helmet
rElec    .         Harm     .   (no cloak)
rCorr    .         Rampage  .   (no gloves)
Will     .....                  m - +2 pair of boots
Stlth    ++........             (no amulet)
HPRegen  0.19/turn              u - ring of protection from cold
MPRegen  0.11/turn              (no ring)

@: mighty, brilliant, lethally poisoned (-4 -> -10), hasted, very quick
A: cold resistance 1, deterioration 1, poison resistance, MP-powered wands
a: no special abilities


You were on level 7 of the Dungeon.
You visited 1 branch of the dungeon, and saw 7 of its levels.

You collected 392 gold pieces.

Inventory:

Hand Weapons
 b - a +0 great sword (weapon)
 c - the +3 flail of Gyvuujetiu {holy, rF++ rN+ Int-4}
   (You found it on level 7 of the Dungeon)

   It has been blessed by the Shining One to cause great damage to the undead
   and demons.
   It affects your intelligence (-4).
   It greatly protects you from fire.
   It protects you from negative energy.
 i - a +0 dagger
Armour
 g - a +2 leather armour of cold resistance
 l - a +1 robe of resistance (worn)
 m - a +2 pair of boots (worn)
 t - a +1 helmet (worn)
Jewellery
 u - a ring of protection from cold (left hand)
Wands
 d - a wand of enslavement (14)
 k - a wand of polymorph (10)
Scrolls
 a - a scroll of noise {unknown}
 e - a scroll of identify
 h - a scroll of remove curse
 j - 2 scrolls of fog {unknown}
 o - a scroll of teleportation
 w - a scroll of enchant armour {unknown}
 x - a scroll of blinking {unknown}
 y - 3 scrolls of magic mapping {unknown}
 z - 3 scrolls of random uselessness {unknown}
 A - a scroll of immolation {unknown}
 B - 3 scrolls of amnesia {unknown}
 D - a scroll of enchant weapon {unknown}
Potions
 n - a potion of haste
 q - 2 potions of invisibility
 r - a potion of brilliance
 v - a potion of attraction
 C - a potion of resistance {unknown}
 E - a potion of degeneration {unknown}
 F - 2 potions of mutation


   Skills:
 + Level 3.2 Fighting
 + Level 3.4(4.2) Short Blades
 + Level 3.5(4.2) Long Blades
 + Level 2.9 Armour
 + Level 4.9 Dodging
 + Level 3.5 Stealth
 + Level 4.2 Evocations


You had 7 spell levels left.
You didn't know any spells.
Your spell library contained the following spells:

 Spells                   Type           Power        Failure   Level
 Animate Skeleton         Necr           0%           28%         1
 Pain                     Necr           0%           28%         1
 Vampiric Draining        Necr           0%           65%         3
 Animate Dead             Necr           0%           96%         4
 Agony                    Necr           0%           100%        5


Dungeon Overview and Level Annotations

Branches:
Dungeon (7/15)             Temple (0/1) D:5

Altars:
Elyvilon
Okawaru
Xom

Shops:
D:4 *   D:5 ?

Annotations:
D:4 3 runed translucent doors, exclusion: upstairs, grovkorv's ghost, amateur PaAK; kelmiir's ghost, amateur GnWn
D:5 exclusion: upstairs


Innate Abilities, Weirdness & Mutations

Your flesh is cold resistant. (rC+)
Your body sometimes deteriorates upon taking damage.
Your system is resistant to poisons. (rPois)
You expend magic power (3 MP) to strengthen your wands.


Message History

The killer bee closely misses you.
It was a potion of mutation.
You feel extremely strange.
You feel resistant to cold.
You feel resistant to poisons.
You feel yourself wasting away.
You feel your magical essence link to the dungeon's wands.
The killer bee closely misses you.
You riposte.
You closely miss the killer bee. You barely miss the killer bee.
* * * LOW HITPOINT WARNING * * *
You feel sick. The killer bee misses you.
You riposte.
You closely miss the killer bee. The killer bee barely misses you.
You riposte.
You hit the killer bee.
The killer bee is lightly wounded.
You feel clever all of a sudden.
* * * LOW HITPOINT WARNING * * *
You feel sick. The killer bee closely misses you.
It was a potion of might.
You feel very mighty all of a sudden. The killer bee stings you!
You die...

..........##...# #.....##
.......##......###......#
.....####...............#
#.......##...........#
....$.....#....###...##
.. #/.......#.# ...#
...##........### ..##
......#†#..### ..#
......y@##..# .#
...#....##...#
###.......# #.......#
##....### #.....# ##...##
####


You could see a killer bee.

Vanquished Creatures
  2 ogres
  A necrophage (D:7)
  A killer bee (D:7)
  A scorpion (D:5)
  A centaur zombie (D:7)
  A bullfrog zombie (D:6)
  An orc priest (D:4)
  2 bullfrog skeletons
  Jessica (D:2)
  Natasha (thrice) (D:3)
  Terence (D:2)
  4 worker ants
  An orc wizard (D:6)
  Robin (D:2)
  10 adders
  3 gnolls (D:3)
  A white imp (D:7)
  An ooze (D:2)
  An adder zombie (D:6)
  2 worms (D:2)
  2 dart slugs
  5 leopard geckos
  15 orcs
  6 bats
  A giant cockroach (D:3)
  16 goblins
  7 hobgoblins
  2 jackals (D:2)
  A quokka (D:4)
  2 ball pythons (D:3)
  10 frilled lizards
  6 kobolds
  A leopard gecko skeleton (D:5)
  A leopard gecko zombie (D:7)
  A quokka skeleton (D:4)
  A quokka zombie (D:5)
  5 rats
121 creatures vanquished.

Vanquished Creatures (collateral kills)
  2 killer bees (D:7)
  A gnoll (D:3)
  3 orcs (D:4)
  A bat (D:3)
  A hobgoblin (D:3)
8 creatures vanquished.

Vanquished Creatures (others)
  2 killer bees (D:7)
  An adder (D:3)
3 creatures vanquished.

Grand Total: 132 creatures vanquished

Notes
Turn   | Place    | Note
-------+----------+-------------------------------------------
     0 | D:1      | H0rd4k the Human Artificer began the quest for the Orb.
     0 | D:1      | Reached XP level 1. HP: 15/15 MP: 1/1
   529 | D:1      | Reached XP level 2. HP: 20/21 MP: 2/2
  1246 | D:2      | Reached XP level 3. HP: 26/26 MP: 3/3
  1247 | D:2      | Noticed Robin
  1732 | D:2      | Noticed Jessica
  2029 | D:2      | Killed Jessica
  2030 | D:2      | Reached skill level 1 in Short Blades
  2030 | D:2      | Reached XP level 4. HP: 32/32 MP: 4/4
  2195 | D:2      | Found a shimmering altar of Xom.
  2201 | D:2      | Noticed Terence
  2212 | D:2      | Killed Terence
  2347 | D:2      | Reached XP level 5. HP: 30/37 MP: 5/5
  2600 | D:2      | Killed Robin
  2655 | D:2      | Found a white marble altar of Elyvilon.
  3633 | D:3      | Noticed Natasha
  3703 | D:4      | Reached XP level 6. HP: 35/44 MP: 6/6
  3792 | D:4      | Found a runed translucent gate.
  3792 | D:4      | Found a runed translucent gate.
  3792 | D:4      | Found a runed translucent gate.
  3797 | D:4      | Noticed kelmiir's ghost (amateur GnWn)
  3797 | D:4      | Noticed grovkorv's ghost (amateur PaAK)
  4239 | D:4      | Noticed an ogre
  4240 | D:4      | Found an iron altar of Okawaru.
  4501 | D:3      | Killed Natasha
  4694 | D:3      | Noticed Natasha
  4697 | D:3      | Killed Natasha
  4807 | D:3      | Noticed Natasha
  4810 | D:3      | Killed Natasha
  4870 | D:3      | Reached XP level 7. HP: 36/50 MP: 7/7
  5590 | D:4      | Found Luman's General Store.
  5611 | D:5      | Entered Level 5 of the Dungeon
  5671 | D:5      | Found Keb Xagh's Magic Scroll Shoppe.
  6106 | D:5      | Found a staircase to the Ecumenical Temple.
  6469 | D:5      | Reached skill level 1 in Long Blades
  6884 | D:5      | Reached XP level 8. HP: 57/57 MP: 8/8
  7621 | D:7      | Got a shimmering flail
  7624 | D:7      | Identified the cursed +3 flail of Gyvuujetiu {holy, rF++
                  | rN+ Int-4} (You found it on level 7 of the Dungeon)
  8037 | D:7      | Gained mutation: Your flesh is cold resistant. (rC+)
                  | [potion of mutation]
  8037 | D:7      | Gained mutation: Your system is resistant to poisons.
                  | (rPois) [potion of mutation]
  8037 | D:7      | Gained mutation: Your body sometimes deteriorates upon
                  | taking damage. [potion of mutation]
  8037 | D:7      | Gained mutation: You expend magic power (3 MP) to
                  | strengthen your wands. [potion of mutation]
  8040 | D:7      | Slain by a killer bee

Illustrated notes

Levels and vault maps discovered:
D:1:      scummos_arrival_forest, layout_loops_ring, kennysheep_minor_cross
D:2:      minmay_angry_zag, layout_rooms, xom_butterflies, elyvilon_altar_3,
          uniq_robin, uniq_terence, uniq_jessica
D:3:      layout_rooms, uniq_natasha
D:4:      layout_cave_pools, serial_shops, nicolae_shop_stone,
          gammafunk_ghost_cemetery, okawaru_ov_weapons_minmay
D:5:      layout_basic, minmay_temple_entry_glassed_door, serial_shops,
          shop_scrolls
D:6:      layout_cave_pools, nicolae_overflow_crystal_walls
D:7:      layout_cave_pools

Skill      XL: |  1  2  3  4  5  6  7  8 |
---------------+-------------------------+-----
Short Blades   | 1 2 3 |  3.4
Stealth        | 2 3 |  3.5
Dodging        | 2 3 4 |  4.9
Fighting       | 2 3 |  3.2
Evocations     | 4 |  4.2
Long Blades    | 2 3 |  3.5
Armour         | |  2.9

Action                   |  1- 3 |  4- 6 |  7- 9 || total
-------------------------+-------+-------+-------++-------
Melee: Club              |    46 |       |       ||    46
       Dagger            |    69 |   439 |    48 ||   556
       Great sword       |       |       |   117 ||   117
       Flail             |       |       |    15 ||    15
Evoke: Wand              |     1 |    28 |    15 ||    44
  Use: Scroll            |       |     6 |     1 ||     7
       Potion            |       |       |     5 ||     5
 Stab: Sleeping          |     3 |     4 |     2 ||     9
       Paralysed         |       |     5 |     2 ||     7
Armor: Leather armour    |    23 |       |       ||    23
       Robe              |       |   130 |    82 ||   212
Dodge: Dodged            |    60 |   262 |   207 ||   529
       Rpst.: Great sword |       |       |    57 ||    57
